 Dungeon Crawl Stone Soup version 0.22.0-2-ge58baed (webtiles) character file.

18936164 Sharkman1231 the Grand Master (level 27, 291/291 HPs)
             Began as an Octopode Earth Elementalist on Aug 13, 2018.
             Was the Champion of Makhleb.
             Escaped with the Orb
             ... and 15 runes!
             The game lasted 04:10:57 (81006 turns).

Sharkman1231 the Grand Master (OpEE)               Turns: 81006, Time: 04:10:57

Health: 291/291    AC: 39    Str:  8    XL:     27
Magic:  35/37      EV: 38    Int: 36    God:    Makhleb [******]
Gold:   169        SH: 10    Dex: 26    Spells: 31/56 levels left

rFire    + + .     SeeInvis +     - Unarmed
rCold    + . .     Gourm    .   Q - +3 buckler {AC+3}
rNeg     + + .     Faith    .   s - +2 hat {Int+3}
rPois    ∞         Spirit   .   y - amulet "Jithrefe" {rPois Regen+ MP+9}
rElec    +         Reflect  .   N - ring of wizardry
rCorr    +         Harm     .   l - ring "Beobbal" {rN+ MP-9 Int+9}
MR       +++++     Clarity  +   L - +4 ring of protection
Stlth    ++++......             O - ring of protection from cold
HPRegen  0.98/turn              F - ring of protection from fire
MPRegen  0.25/turn              z - ring of Sydiunok {rF+ MR++}
                                C - ring of resist corrosion
                                G - ring of the Sky {+Fly rPois Int+2 Dex+4 SInv}

@: statue-form, very slow
A: almost no armour, stealthy swim, amphibious, 8 rings, constrict 8, camouflage
1, agile 1, clarity, deterioration 1, low mp 1, magic resistance 1, no potion
heal 2
0: Orb of Zot
}: 15/15 runes: decaying, slimy, silver, golden, iron, obsidian, icy, bone,
abyssal, demonic, glowing, magical, fiery, dark, gossamer
a: End Transformation, Minor Destruction, Lesser Servant of Makhleb, Major
Destruction, Greater Servant of Makhleb, Renounce Religion, Evoke Flight


You escaped.
You worshipped Makhleb.
Makhleb was exalted by your worship.
You were not hungry.
You were a stone statue.
You visited 17 branches of the dungeon, and saw 88 of its levels.
You visited Pandemonium 1 time, and saw 16 of its levels.
You visited the Abyss 4 times.
You visited 1 bazaar.
You also visited: Trove, Ice Cave and Wizlab.

You collected 5642 gold pieces.
You spent 5473 gold pieces at shops.

Inventory:

Missiles
 j - a throwing net (quivered)
Armour
 d - a +0 shield of reflection
 s - a +2 hat of intelligence (worn)
 Q - a +3 buckler of protection (worn)
Jewellery
 g - an uncursed amulet of the gourmand
 h - a +2 amulet of reflection
 l - the ring "Beobbal" (right tentacle) {rN+ MP-9 Int+9}
   (You took it off a deep elf master archer on level 3 of the Elven Halls)

   [ring of positive energy]

   It affects your intelligence (+9).
   It protects you from negative energy.
   It affects your magic capacity (-9).
 y - the amulet "Jithrefe" (around mantle) {rPois Regen+ MP+9}
   (You found it in a wizard's laboratory)

   [amulet of regeneration]

   It protects you from poison.
   It affects your magic capacity (+9).
   It increases your rate of regeneration.
 z - the ring of Sydiunok (on tentacle) {rF+ MR++}
   (You bought it in a shop on level 2 of the Orcish Mines)

   [ring of protection from fire]

   It protects you from fire.
   It affects your resistance to hostile enchantments.
 C - a ring of resist corrosion (on tentacle)
 D - the ring of the Mage {Wiz MR++ Int+3}
   (You took it off Asmodeus on level 7 of Gehenna)

   [ring of wizardry]

   It improves your spell success rate.
   It affects your intelligence (+3).
   It affects your resistance to hostile enchantments.
 F - a ring of protection from fire (on tentacle)
 G - the ring of the Sky (on tentacle) {+Fly rPois Int+2 Dex+4 SInv}
   (You took it off a yaktaur captain on level 5 of the Vaults)

   [ring of poison resistance]

   It affects your intelligence (+2).
   It affects your dexterity (+4).
   It protects you from poison.
   It lets you see invisible.
   It lets you fly.
 L - a +4 ring of protection (on tentacle)
 N - a ring of wizardry (left tentacle)
 O - a ring of protection from cold (on tentacle)
 W - a +2 ring of evasion
 Y - an uncursed ring of protection from cold
Wands
 b - a wand of digging (5)
 x - a wand of iceblast (40)
 H - a wand of acid (38)
 T - a wand of clouds (1)
 U - a wand of paralysis (72)
 X - a wand of enslavement (12)
Scrolls
 a - 8 scrolls of teleportation
 e - 7 scrolls of fear
 f - 27 scrolls of remove curse
 q - 10 scrolls of enchant armour
 r - 6 scrolls of blinking
 t - 14 scrolls of identify
 u - 3 scrolls of fog
 v - 2 scrolls of immolation
 A - 6 scrolls of vulnerability
 J - 2 scrolls of summoning
 V - 2 scrolls of silence
Potions
 i - 8 potions of brilliance
 k - 7 potions of cancellation
 m - 4 potions of lignification
 n - 23 potions of curing
 o - 13 potions of mutation
 p - 2 potions of agility
 w - a potion of might
 B - 7 potions of flight
 E - a potion of berserk rage
 I - 5 potions of ambrosia
 K - 3 potions of heal wounds
 M - a potion of haste
 P - a potion of magic
 S - 6 potions of resistance
Miscellaneous
 R - a lightning rod (4/4)
 Z - a lamp of fire
Comestibles
 c - 60 rations


   Skills:
 O Level 27 Fighting
 O Level 27 Dodging
 O Level 27 Stealth
 + Level 7.2 Shields
 O Level 27 Unarmed Combat
 - Level 15.0 Spellcasting
 - Level 12.0 Charms
 - Level 12.0 Necromancy
 - Level 20.3 Translocations
 - Level 14.0 Transmutations
 - Level 14.0 Earth Magic
 - Level 6.0 Evocations


You had 31 spell levels left.
You knew the following spells:

 Your Spells              Type           Power        Failure   Level  Hunger
a - Sandblast             Erth           ######       0%          1    None
b - Petrify               Tmut/Erth      #######.     1%          4    None
d - Blink                 Tloc           N/A          0%          2    None
e - Regeneration          Chrm/Necr      #######...   1%          3    None
f - Statue Form           Tmut/Erth      #######..    1%          6    #......
g - Apportation           Tloc           ######       0%          1    None
h - Controlled Blink      Tloc           N/A          1%          8    ######.

Your spell library contained the following spells:

 Spells                   Type           Power        Failure   Level  Hunger
 Cause Fear               Hex            ####......   6%          4    None
 Magic Dart               Conj           ####         1%          1    None
 Fireball                 Conj/Fire      ####......   16%         5    None
 Conjure Flame            Conj/Fire      ####....     1%          3    None
 Lightning Bolt           Conj/Air       ####......   16%         5    None
 Bolt of Magma            Conj/Fire/Erth ######....   2%          5    None
 Slow                     Hex            ####....     1%          2    None
 Confuse                  Hex            ####....     1%          3    None
 Invisibility             Hex            ####....     61%         6    #......
 Throw Frost              Conj/Ice       ####..       1%          2    None
 Freezing Cloud           Conj/Ice/Air   ####......   61%         6    #......
 Mephitic Cloud           Conj/Pois/Air  ####....     1%          3    None
 Ring of Flames           Chrm/Fire      ######....   36%         7    ####...
 Venom Bolt               Conj/Pois      ####......   16%         5    None
 Olgreb's Toxic Radiance  Pois           ####....     6%          4    None
 Teleport Other           Tloc           ########     0%          3    None
 Summon Small Mammal      Summ           ####         1%          1    None
 Lehudib's Crystal Spear  Conj/Erth      ######....   87%         8    ######.
 Fire Storm               Conj/Fire      ####......   100%        9    #######
 Iskenderun's Mystic Bla  Conj           ####....     6%          4    None
 Animate Dead             Necr           N/A          1%          4    None
 Pain                     Necr           ####         0%          1    None
 Animate Skeleton         Necr           N/A          0%          1    None
 Vampiric Draining        Necr           #######...   1%          3    None
 Ozocubu's Refrigeration  Ice            ####......   61%         6    #......
 Summon Ice Beast         Ice/Summ       ####....     6%          4    None
 Ozocubu's Armour         Chrm/Ice       ######..     1%          3    None
 Call Imp                 Summ           ####....     1%          2    None
 Dispel Undead            Necr           #######.     1%          5    None
 Poison Arrow             Conj/Pois      ####......   61%         6    #......
 Sting                    Conj/Pois      ####         1%          1    None
 Sublimation of Blood     Necr           #######...   0%          2    None
 Tukima's Dance           Hex            ####....     1%          3    None
 Summon Demon             Summ           ####......   16%         5    None
 Corpse Rot               Necr           N/A          0%          2    None
 Iron Shot                Conj/Erth      ######....   4%          6    #......
 Stone Arrow              Conj/Erth      ######       1%          3    None
 Shock                    Conj/Air       ####         1%          1    None
 Swiftness                Chrm/Air       ######..     1%          2    None
 Recall                   Summ/Tloc      N/A          1%          3    None
 Spider Form              Tmut/Pois      ######....   1%          3    None
 Blade Hands              Tmut           #######...   1%          5    None
 Ice Form                 Ice/Tmut       ######..     1%          4    None
 Dragon Form              Tmut           #######...   1%          7    ####...
 Deflect Missiles         Chrm/Air       ######....   8%          6    #......
 Glaciate                 Conj/Ice       ####......   100%        9    #######
 Airstrike                Air            ####......   6%          4    None
 Shadow Creatures         Summ           N/A          61%         6    #......
 Confusing Touch          Hex            ####..       1%          1    None
 Passwall                 Tmut/Erth      #######.     0%          2    None
 Ignite Poison            Fire/Tmut/Pois ######..     1%          3    None
 Sticks to Snakes         Tmut           #######.     0%          2    None
 Call Canine Familiar     Summ           ####....     1%          3    None
 Metabolic Englaciation   Hex/Ice        ####......   16%         5    None
 Summon Butterflies       Summ           ####....     1%          1    None
 Shatter                  Erth           #######...   85%         9    #######
 Dispersal                Tloc           ########..   1%          6    #......
 Static Discharge         Conj/Air       ####....     1%          3    None
 Corona                   Hex            ####...      1%          1    None
 Alistair's Intoxication  Tmut/Pois      ######..     1%          5    None
 Lee's Rapid Deconstruct  Erth           #######...   1%          5    None
 Chain Lightning          Conj/Air       ####......   100%        8    ######.
 Excruciating Wounds      Chrm/Necr      #######...   1%          5    None
 Portal Projectile        Hex/Tloc       ######       1%          3    None
 Passage of Golubria      Tloc           N/A          0%          4    None
 Orb of Destruction       Conj           ####......   98%         7    ####...
 Tornado                  Air            ####......   100%        9    #######
 Leda's Liquefaction      Hex/Erth       ######....   1%          4    None
 Summon Hydra             Summ           ####......   98%         7    ####...
 Darkness                 Hex            ####......   61%         6    #......
 Shroud of Golubria       Chrm/Tloc      #######...   0%          2    None
 Inner Flame              Hex/Fire       ####....     1%          3    None
 Aura of Abjuration       Summ           ####......   16%         5    None
 Beastly Appendage        Tmut           ######       0%          1    None
 Disjunction              Tloc           ########..   1%          8    ######.
 Iskenderun's Battlesphe  Conj/Chrm      ######..     1%          5    None
 Fulminant Prism          Conj/Hex       ####......   6%          4    None
 Dazzling Spray           Conj/Hex       ####..       1%          3    None
 Force Lance              Conj/Tloc      #######.     1%          4    None
 Infusion                 Chrm           ####         0%          1    None
 Spectral Weapon          Hex/Chrm       ######..     1%          3    None
 Searing Ray              Conj           ####..       1%          2    None
 Summon Forest            Summ/Tloc      #######...   1%          5    None
 Summon Lightning Spire   Summ/Air       ####....     6%          4    None
 Summon Guardian Golem    Hex/Summ       ####....     1%          3    None
 Spellforged Servitor     Conj/Summ      ####......   98%         7    ####...
 Summon Mana Viper        Hex/Summ       ####....     16%         5    None
 Hydra Form               Tmut           #######...   1%          6    #......
 Irradiate                Conj/Tmut      ######....   1%          5    None
 Gell's Gravitas          Tloc           ########..   0%          3    None
 Yara's Violent Unravell  Hex/Tmut       ######....   1%          5    None
 Lesser Beckoning         Tloc           ########..   0%          3    None
 Ignition                 Fire           ####......   100%        8    ######.
 Borgnjor's Vile Clutch   Necr/Erth      #######...   1%          5    None


Dungeon Overview and Level Annotations

Branches:
Dungeon (15/15)            Temple (0/1) D:7            Lair (6/6) D:11
  Swamp (4/4) Lair:2       Spider (4/4) Lair:3        Slime (5/5) Lair:5
    Orc (2/2) D:12            Elf (3/3) Orc:2        Vaults (5/5) D:13
  Crypt (3/3) Vaults:2       Tomb (3/3) Crypt:3      Depths (5/5) D:15
   Hell (1/1)                 Dis (7/7) Hell            Geh (7/7) Hell
    Coc (7/7) Hell            Tar (7/7) Hell            Zot (5/5) Depths:5

Altars:
Dithmenos
Gozag
Hepliaklqana
Kikubaaqudgha
Makhleb
Okawaru
Qazlal
Ru
Sif Muna
Wu Jian
Xom
Yredelemnul
Beogh
Jiyva
Lugonu

Shops:
Orc:2 [=?(   Elf:2 =**   Elf:3 (*}   Vaults:3 }   Vaults:5 =   Depths:4 *

Portals:
Hell: Lair:6 Depths:2
Abyss: Depths:2 Depths:4
Pandemonium: Depths:1

Annotations:
Lair:3 3 runed doors, Teifirunt's ghost, journeyman DrFE
Depths:1 3 runed doors, Apsimustre's ghost, veteran MiFi
Coc:6 24 runed doors
Coc:7 exclusion: ice statue


Innate Abilities, Weirdness & Mutations

You cannot wear most types of armour.
You are very stealthy in the water. (Stealth+)
You are amphibious.
You can wear up to eight rings at the same time.
You can use your tentacles to constrict eight enemies at once.
Your skin changes colour to match your surroundings (Stealth+).
((Your rubbery body absorbs attacks. (AC +1, EV +1)))
You are agile. (Dex +2)
You possess an exceptional clarity of mind.
Your body sometimes deteriorates upon taking damage.
Your magical capacity is low. (-10% MP)
You are resistant to hostile enchantments. (MR+)
Potions are poor at restoring your health.


Message History

Unknown command.
You thrash the sun demon!!!
You kill the sun demon!
Makhleb accepts your kill.
You thrash the smoke demon!!!
You kill the smoke demon!
Makhleb accepts your kill.
Unknown command.
No target in view!
Unknown command.
No target in view!
You see here a scale mail.
Evoke which item? (* to show all) (? for menu, Esc to quit)
Aiming: Dig
Press: ? - help, Shift-Dir - straight line A rock wall.
This square is covered in magical glow.
The rock shatters into small pieces.
There is a staircase leading out of the dungeon here.
You have escaped!

#.#
#.##............##
#.# #.##...####.....#
#.# #'##...##########
#.#
#.##........######
#.#
####.##...####.......
#.#####..#.##..##
########
#........#.##..#
######...#.##..#
#..#8##..# #.#.##..##
#...##...# ###.##.#.#
#..#.#.# #.#..#.#
##'##.#.# #...#.#.#
#.###.#.#


There were no monsters in sight!

Vault maps used:
D:1:      evilmike_arrival_run_for_it
D:3:      makhleb_blood_cavern_becter, gammafunk_temple_overflow_pools,
          uniq_natasha, uniq_jessica
D:4:      first_ration, st_stairs_3, uniq_blork_the_orc
D:5:      nrook_pool_corridor, saegor_snake_ambush, uniq_eustachio
D:7:      minmay_temple_entry_enclosed_plants
D:8:      grunt_ogre_cave, guppyfry_early_elven_hall, uniq_gastronok
D:9:      overflow_temple_1_default, kennysheep_mini_moat, serial_bayou_pond_c,
          corexii_corridor_pit
D:11:     lair_entry_dummy, grunt_ministairs_9
D:12:     orc_0_dummy
D:13:     erik_vaults_2, uniq_azrael, uniq_nessos
D:14:     basic_altar, nicolae_dithmenos_shadow_blocks
D:15:     grunt_enter_depths_magical_seal, nicolae_ru_the_path_less_chosen,
          minmay_gold_behind_fungi, minivault_16, uniq_kirke
Lair:1:   beast_lair_carwin_large_4, serial_bayou_pond_c, st_stairs_3
Lair:2:   swamp_mist
Lair:3:   wad_woods_minihive, spider_nest_entry_rubble,
          ebering_ghost_rock_garden
Lair:4:   ice2_lemuel, serial_bayou_shore_a, serial_bayou_shore_b, uniq_sonja,
          uniq_josephine
Lair:5:   hangedman_what_comes_after_a, slime_altar_2
Lair:6:   evil_forest, basic_altar, st_stairs_4, hibernation_bobbens,
          serial_bayou_shore_b
Swamp:1:  nicolae_swamp_feature_on_the_river_bank
Swamp:2:  cheibrodos_swamp_tower_of_moss, nicolae_swamp_round_clearing,
          infiniplex_staircase_pool
Swamp:3:  serial_swamp_ruin, evilmike_swamp_ruin_house_1,
          evilmike_swamp_ruin_house_4, uniq_roxanne
Swamp:4:  swamp_icy, uniq_louise
Spider:1: portal_ice_cave_entry_dragon, minivault_29
Spider:2: gammafunk_ghost_cemetery, einodemon_crawler_minivault, uniq_nikola,
          uniq_asterion, uniq_agnes
Spider:3: ebering_ghost_inner_flame
Spider:4: floodkiller_spider_rune_tomb, uniq_arachne
Slime:1:  nicolae_slime_barrier, cheibrodos_slime_lost_civilization_6
Orc:1:    basic_altar
Orc:2:    st_orc_town, uniq_rupert
Elf:1:    eino_elf_arrival_the_gate, evilmike_minifort, minivault_5,
          minivault_24
Elf:2:    serial_shops, nicolae_shop_crystal, ebering_ghost_gozag
Elf:3:    elf_hall_gauntlet_narrow, serial_shops, nicolae_shop_crystal,
          shop_fountains, shop, minivault_4, hangedman_elf_power_crystal
Vaults:1: hangedman_vaults_hat, ontoclasm_vaults_decontamination,
          ontoclasm_vaults_claustrophobia, nicolae_vaults_little_squares_5,
          hangedman_vaults_unwind, vaults_room_fours,
          nicolae_vaults_yaktaur_gun_rack, ontoclasm_vaults_twist,
          nicolae_vaults_little_squares_5, hangedman_vaults_pinch,
          vaults_dpeg_diagonal, grunt_vaults_diagonal
Vaults:2: v_pattern_3, minmay_crypt_entry_simple_plaza, vaults_mumra_bighexcomb,
          nicolae_vaults_hallways_thing, grunt_vaults_swirl,
          nicolae_trove_entry_crystal, mu_enter_wizlab_1
Vaults:3: grunt_vaults_trifunnel, nicolae_vaults_three_branches,
          vaults_room_fours, nicolae_vaults_ninety_degrees,
          nicolae_vaults_border_crossing, v_rooms_3, ontoclasm_vaults_idyll,
          nicolae_vaults_little_ls, nicolae_vaults_angled_halls,
          vaults_room_ringed_pool, grunt_vaults_hallway_long, serial_shops,
          nicolae_shop_temple_entry_statues_fountains
Vaults:4: hangedman_vaults_nails, hangedman_vaults_variations,
          nicolae_vaults_network_periphery, v_misc_5, ontoclasm_vaults_idyll,
          vaults_room_fours, v_misc_28, vaults_dpeg_ring, serial_shops,
          bzr_entry_islet
Vaults:5: serial_shops, uniq_jory
Crypt:1:  uniq_frederick, uniq_aizul
Crypt:3:  lightli_unholy_cathedral, tomb_entry_forgotten_bobbens,
          ebering_ghost_rock_garden, basic_altar
Tomb:2:   uniq_khufu
Depths:1: hell_entry, grunt_pan_entry_zigzag, minmay_misc_feat_iff,
          biasface_ghost_demon_polymorph, serial_sigils_hangedman_etch,
          spider_trap, hangedman_abyss_or_decor_passed, grunt_decor_fettered,
          item_on_display_a
Depths:2: hangedman_cross_cluster, enter_ziggurat_e,
          pf_vacation_house_of_asmodeus, abyss_entry
Depths:3: cheibrodos_leafed_vault, hell_entry, grunt_pan_entry_sceptre,
          kennysheep_generic_room_9, infiniplex_staircase_star, uniq_xtahua
Depths:4: hangedman_arch_fort, skrybe_limestone_x, hell_entry, serial_shops,
          nicolae_shop_window_shopping, nicolae_shop_stone,
          kennysheep_little_box, nicolae_shop_waterfront,
          abyss_entry_flame_altar, minmay_staircase_statues
Depths:5: grunt_zot_entry_bicorn, hangedman_decor_lopped,
          rand_demon_pan_entry_8, hell_entry
Dis:2:    nicolae_dis_strange_trophy_room
Dis:4:    grunt_megastairs_1
Dis:5:    hangedman_dis_decor_tower, grunt_megastairs_3
Dis:6:    kennysheep_iron_temple
Dis:7:    dis_st
Geh:1:    grunt_megastairs_2
Geh:3:    hangedman_hellfire_club
Geh:5:    gehenna_fire_generator, gehenna_fire_generator
Geh:7:    geh_grunt_pentagon
Coc:6:    serial_ice, serial_ice_d, door_vault
Coc:7:    coc_hangedman
Tar:2:    nicolae_tar_fractal_crypt
Tar:7:    tar_mu
Zot:2:    guppyfry_library_mini
Zot:3:    evilmike_ambush
Zot:5:    bh_zot_ikea_curve, st_stairs_2
Abyss:1:  evilmike_abyss_exit_1
Abyss:2:  guppyfry_abyss_exit_glass_guarded
Abyss:3:  due_exit_kobolds, evilmike_abyss_exit_16
Abyss:5:  evilmike_abyss_exit_glass, evilmike_abyss_rune_elephants_shrine
Pan:      evilmike_mini_pan_diamond, reaverb_pan_squares, rand_demon_7,
          special_room, nicolae_pan_double_arrow, nicolae_pan_sigil_uleosi,
          rand_demon_5, special_room, regret_index_pan_draining_boxed,
          rand_demon_8, rand_demon_4, pan_blood_fountain_small,
          lom_lobon_spiral_st, cerebov, pan_blood_fountain_small, rand_demon_1,
          pan_blood_fountain_small, nicolae_pan_lom_lobonic_4,
          evilmike_gloorx_vloq_box, reaverb_pan_chaos_star,
          nicolae_pan_sigil_obb, evilmike_mini_pan_corner,
          mnoleg_grunt_wretched_star, grunt_pan_in_and_out, special_room,
          grunt_pan_zigzag, evilmike_mini_pan_other_thingy
Bazaar:   bazaar_general_marketplace
Trove:    trove_weapon_2
IceCv:    ice_cave_small_demon
WizLab:   wizlab_cigotuvi

Notes
Turn   | Place    | Note
-------+----------+-------------------------------------------
     0 | D:1      | Sharkman1231 the Octopode Earth Elementalist began the quest for the Orb.
     0 | D:1      | Reached XP level 1. HP: 11/11 MP: 3/3
   133 | D:1      | Reached XP level 2. HP: 7/17 MP: 5/5
   274 | D:1      | Reached skill level 1 in Unarmed Combat
   471 | D:1      | Reached XP level 3. HP: 11/21 MP: 6/6
   971 | D:2      | HP: 1/21 [poisoned by an adder]
  1502 | D:2      | Reached XP level 4. HP: 24/27 MP: 7/7
  1511 | D:2      | Learned a level 4 spell: Petrify
  2319 | D:3      | Noticed Jessica
  2323 | D:3      | Killed Jessica
  2358 | D:3      | Noticed Natasha
  2374 | D:3      | Killed Natasha
  2374 | D:3      | Reached XP level 5. HP: 21/32 MP: 0/8
  2453 | D:3      | Found a burning altar of Makhleb.
  2457 | D:3      | Reached skill level 1 in Fighting
  2465 | D:3      | Became a worshipper of Makhleb the Destroyer
  2738 | D:3      | Noticed Natasha
  2744 | D:3      | Killed Natasha
  2824 | D:3      | Noticed Natasha
  2829 | D:3      | Killed Natasha
  2829 | D:3      | Reached XP level 6. HP: 23/38 MP: 5/9
  3382 | D:3      | Found an ornate altar of the Wu Jian Council.
  3384 | D:3      | Found a hazy altar of Hepliaklqana.
  3681 | D:4      | Noticed a phantom
  3853 | D:3      | Killed a phantom
  4016 | D:4      | Reached XP level 7. HP: 19/45 MP: 6/10
  4284 | D:4      | Reached * piety under Makhleb
  4717 | D:4      | Reached skill level 5 in Earth Magic
  4889 | D:4      | Noticed Blork the orc
  4918 | D:4      | Killed Blork the orc
  5107 | D:4      | Reached skill level 5 in Unarmed Combat
  5107 | D:4      | Reached XP level 8. HP: 51/51 MP: 6/11
  5469 | D:5      | Entered Level 5 of the Dungeon
  5747 | D:5      | Noticed Eustachio
  6215 | D:5      | Reached ** piety under Makhleb
  6547 | D:5      | Killed Eustachio
  7120 | D:6      | Reached XP level 9. HP: 58/58 MP: 10/12
  7242 | D:6      | Gained mutation: Your spells are a little harder to cast, but a little more powerful. [potion of mutation]
  7242 | D:6      | Gained mutation: One of your tentacles bears a spike. [potion of mutation]
  7242 | D:6      | Gained mutation: Your natural rate of healing is unusually fast. [potion of mutation]
  7242 | D:6      | Gained mutation: You are partially covered in molten scales. (AC +2) [potion of mutation]
  7583 | D:6      | Reached skill level 5 in Dodging
  8057 | D:7      | Found a staircase to the Ecumenical Temple.
  8405 | D:7      | Reached *** piety under Makhleb
  9000 | D:7      | Reached skill level 1 in Evocations
  9164 | D:8      | Reached XP level 10. HP: 65/65 MP: 9/13
  9165 | D:8      | Noticed Gastronok
  9252 | D:8      | HP: 2/97 [Gastronok (23)]
  9253 | D:8      | Killed Gastronok
  9253 | D:8      | Reached skill level 5 in Fighting
  9253 | D:8      | Reached skill level 5 in Transmutations
  9472 | D:8      | Noticed a deep elf mage
  9495 | D:8      | Killed a deep elf mage
  9539 | D:9      | Found a deep blue altar of Sif Muna.
  9914 | D:9      | Found a shadowy altar of Dithmenos.
 10185 | D:10     | Entered Level 10 of the Dungeon
 10224 | D:10     | Reached **** piety under Makhleb
 10429 | D:10     | Reached XP level 11. HP: 58/72 MP: 14/14
 11220 | D:11     | Noticed a cyclops
 11238 | D:11     | Killed a cyclops
 11238 | D:11     | Reached skill level 5 in Stealth
 11677 | D:11     | Killed an unseen horror
 11677 | D:11     | Reached skill level 5 in Evocations
 11845 | D:11     | Killed an unseen horror
 11964 | D:11     | Found a staircase to the Lair.
 12395 | D:12     | Noticed a cyclops
 12434 | D:12     | Reached skill level 10 in Unarmed Combat
 12552 | D:12     | Noticed a two-headed ogre
 12652 | D:12     | Killed a two-headed ogre
 12764 | D:12     | Noticed a deep elf mage
 12765 | D:12     | Found a staircase to the Orcish Mines.
 12936 | D:12     | Killed a deep elf mage
 13090 | D:12     | Killed a cyclops
 13172 | D:12     | Reached ***** piety under Makhleb
 13341 | D:12     | Reached XP level 12. HP: 60/76 MP: 7/18
 14061 | D:12     | Noticed a two-headed ogre
 14113 | D:12     | Killed a two-headed ogre
 14506 | D:13     | Reached skill level 5 in Spellcasting
 14522 | D:13     | Noticed a tengu warrior
 14538 | D:13     | Killed a tengu warrior
 14753 | D:13     | Noticed Nessos
 14778 | D:13     | HP: 3/77 [fire elemental[Azrael] (12)]
 14920 | D:13     | Noticed Azrael
 15216 | D:13     | Killed Azrael
 15406 | D:13     | Noticed a vault guard
 15406 | D:13     | Noticed a vault guard
 15412 | D:13     | Noticed a vault guard
 15500 | D:13     | Noticed a vault guard
 15502 | D:13     | Noticed a vault guard
 15509 | D:13     | Killed Nessos
 15583 | D:12     | Killed a vault guard
 15709 | D:13     | Noticed a vault guard
 15785 | D:13     | Killed a vault guard
 15927 | D:13     | Noticed a vault guard
 15949 | D:13     | Killed a vault guard
 15973 | D:13     | Killed a vault guard
 15973 | D:13     | Reached XP level 13. HP: 82/82 MP: 8/20
 15981 | D:13     | Learned a level 5 spell: Lee's Rapid Deconstruction
 15995 | D:13     | Found a gate to the Vaults.
 16086 | Lair:1   | Entered Level 1 of the Lair of Beasts
 16462 | Lair:1   | Reached skill level 10 in Earth Magic
 17726 | Lair:2   | Found a staircase to the Swamp.
 19024 | Lair:3   | Reached ****** piety under Makhleb
 19034 | Lair:3   | Found a hole to the Spider Nest.
 19572 | Lair:3   | Reached skill level 10 in Transmutations
 20043 | Lair:3   | Reached XP level 14. HP: 72/90 MP: 21/21
 20717 | Lair:3   | Learned a level 2 spell: Blink
 20782 | Lair:3   | Found a runed gate.
 20782 | Lair:3   | Found a runed gate.
 20783 | Lair:3   | Found a runed gate.
 20786 | Lair:3   | Noticed Teifirunt's ghost (journeyman DrFE)
 20863 | Lair:4   | Reached skill level 1 in Shields
 20986 | Lair:4   | Noticed Josephine
 21091 | Lair:4   | Noticed Sonja
 22297 | Lair:4   | Killed Sonja
 22336 | Lair:4   | Reached skill level 1 in Translocations
 22456 | Lair:4   | Identified Plog's Disquisition on Displaced Enhancements
 22801 | Lair:3   | Killed Josephine
 23493 | Lair:5   | Found a runed door.
 23493 | Lair:5   | Found a viscous altar of Jiyva.
 23493 | Lair:5   | Found a staircase to the Slime Pits.
 23493 | Lair:5   | Noticed an azure jelly
 23493 | Lair:5   | Noticed an azure jelly
 23698 | Lair:6   | Entered Level 6 of the Lair of Beasts
 24605 | Lair:6   | Found a stormy altar of Qazlal.
 25014 | Lair:6   | Paralysed by a wizard for 2 turns
 25707 | Lair:6   | Found a burning altar of Makhleb.
 25714 | Lair:6   | Found a gateway to Hell.
 26003 | Orc:1    | Entered Level 1 of the Orcish Mines
 26671 | Orc:1    | Found a roughly hewn altar of Beogh.
 27203 | Orc:2    | Entered Level 2 of the Orcish Mines
 27353 | Orc:2    | Found a staircase to the Elven Halls.
 28143 | Orc:2    | Found a roughly hewn altar of Beogh.
 28152 | Orc:2    | Noticed Rupert
 28243 | Orc:2    | Found Meonluwk's Magic Scroll Shop.
 28243 | Orc:2    | Found Qaasemeq's Weapon Shoppe.
 28271 | Orc:2    | Reached XP level 15. HP: 98/98 MP: 18/22
 28295 | Orc:2    | Bought a scroll of teleportation for 51 gold pieces
 28521 | Orc:2    | Killed Rupert
 28964 | Orc:2    | Found Ihenac's Antique Armour Shop.
 28964 | Orc:2    | Found Kogiklumao's Jewellery Shoppe.
 28981 | Orc:2    | Bought the ring of Sydiunok {rF+ MR++} for 525 gold pieces
 29331 | Orc:2    | Bought a scroll of silence for 127 gold pieces
 29331 | Orc:2    | Bought a scroll of blinking for 127 gold pieces
 29331 | Orc:2    | Bought 3 scrolls of blinking for 382 gold pieces
 29331 | Orc:2    | Bought a scroll of identify for 34 gold pieces
 29332 | Orc:2    | Bought a scroll of teleportation for 51 gold pieces
 29332 | Orc:2    | Bought a scroll of fear for 59 gold pieces
 29363 | Orc:2    | Bought a +2 ring of evasion for 130 gold pieces
 29363 | Orc:2    | Bought an uncursed ring of see invisible for 195 gold pieces
 29369 | Orc:2    | Learned a level 3 spell: Regeneration
 30061 | D:14     | Found an iron altar of Okawaru.
 30867 | D:14     | Found a shadowy altar of Dithmenos.
 31557 | D:15     | Entered Level 15 of the Dungeon
 31871 | D:15     | Noticed Kirke
 31904 | D:15     | Killed Kirke
 32748 | D:15     | Found a staircase to the Depths.
 32802 | D:15     | Found a sacrificial altar of Ru.
 32973 | Swamp:1  | Entered Level 1 of the Swamp
 33084 | Swamp:1  | Reached skill level 15 in Unarmed Combat
 33949 | Swamp:1  | Reached XP level 16. HP: 108/108 MP: 5/23
 34333 | Swamp:2  | Paralysed by a hornet for 2 turns
 34445 | Swamp:2  | Noticed a thorn hunter
 34907 | Swamp:2  | Reached skill level 10 in Fighting
 35789 | Swamp:3  | Noticed a thorn hunter
 35867 | Swamp:3  | Noticed Roxanne
 36429 | Swamp:3  | Killed Roxanne
 36449 | Swamp:3  | Identified Roxanne's Almanac of Clay (You took it off Roxanne on level 3 of the Swamp)
 36467 | Swamp:2  | Learned a level 6 spell: Statue Form
 36618 | Swamp:3  | Killed a thorn hunter
 37611 | Swamp:2  | Killed a thorn hunter
 37855 | Swamp:4  | Entered Level 4 of the Swamp
 37896 | Swamp:4  | Noticed a thorn hunter
 37904 | Swamp:4  | Noticed a thorn hunter
 37913 | Swamp:4  | Killed a thorn hunter
 37914 | Swamp:4  | Noticed Louise
 37933 | Swamp:3  | Killed a thorn hunter
 37952 | Swamp:4  | Killed Louise
 38801 | Swamp:4  | Got a decaying rune of Zot
 39152 | Swamp:4  | Noticed a thorn hunter
 39158 | Swamp:4  | Killed a thorn hunter
 39279 | Swamp:4  | Reached XP level 17. HP: 115/115 MP: 22/27
 39531 | Spider:1 | Entered Level 1 of the Spider Nest
 39602 | Spider:1 | Found a frozen archway.
 39613 | IceCv    | Entered an ice cave
 41104 | Spider:2 | Reached skill level 10 in Dodging
 41142 | Spider:2 | Noticed Agnes
 41151 | Spider:2 | Killed Agnes
 41169 | Spider:2 | Found a runed gate.
 41169 | Spider:2 | Found a runed gate.
 41169 | Spider:2 | Found a runed gate.
 41170 | Spider:2 | Noticed Dosumez's ghost (journeyman MiFi)
 41172 | Spider:2 | Noticed Veih's ghost (journeyman FoFi)
 41174 | Spider:2 | Noticed Veih's ghost (journeyman FoFi)
 41175 | Spider:2 | Noticed Pidigeth's ghost (adept MiBe)
 41184 | Spider:2 | Noticed Moss's ghost (journeyman MiFi)
 41194 | Spider:2 | Noticed Asterion
 41314 | Spider:2 | Identified the Catalogue of Warped Contamination
 41433 | Spider:2 | Killed Asterion
 41523 | Spider:2 | Noticed Nikola
 41535 | Spider:2 | Killed Nikola
 41535 | Spider:2 | Reached XP level 18. HP: 120/120 MP: 25/28
 41737 | Spider:3 | Killed Pidigeth's ghost
 42250 | Spider:3 | Found a runed door.
 42252 | Spider:3 | Noticed Brutalitops's ghost (adept HaAK)
 42274 | Spider:3 | Killed Brutalitops's ghost
 42353 | Spider:3 | Killed Dosumez's ghost
 42463 | Spider:2 | Got a clouded tin ring
 42467 | Spider:2 | Identified the ring of Untruth {MP+9 Dex+2} (You found it on level 2 of the Spider Nest)
 42486 | Spider:2 | Killed Moss's ghost
 42496 | Spider:2 | Killed Veih's ghost
 42528 | Spider:2 | Killed Veih's ghost
 42816 | Spider:2 | Got a pitted hat
 42827 | Spider:2 | Identified the +1 hat "Niryar" {rPois MR+ Regen+} (You found it on level 2 of the Spider Nest)
 42879 | Spider:4 | Entered Level 4 of the Spider Nest
 43156 | Spider:4 | Noticed Arachne
 43176 | Spider:4 | Killed Arachne
 44088 | Spider:4 | Reached XP level 19. HP: 126/126 MP: 29/29
 44127 | Spider:4 | Got a gossamer rune of Zot
 44478 | Elf:1    | Entered Level 1 of the Elven Halls
 44750 | Elf:1    | Learned a level 1 spell: Apportation
 45786 | Elf:2    | Found a runed gate.
 45792 | Elf:2    | Found an opulent altar of Gozag.
 45792 | Elf:2    | Found Wagomi's Assorted Antiques.
 45821 | Elf:2    | Found a runed gate.
 45821 | Elf:2    | Found a runed gate.
 45821 | Elf:2    | Noticed Higeus's ghost (adept GrFi)
 45822 | Elf:2    | Found Oschefupn's Assorted Antiques.
 45833 | Elf:3    | Entered Level 3 of the Elven Halls
 45855 | Elf:3    | Killed Higeus's ghost
 45930 | Elf:2    | Bought a scroll of vulnerability for 277 gold pieces
 45930 | Elf:2    | Bought a scroll of blinking for 277 gold pieces
 45930 | Elf:2    | Bought a scroll of teleportation for 111 gold pieces
 45957 | Elf:2    | Bought a potion of cancellation for 248 gold pieces
 45957 | Elf:2    | Bought a scroll of identify for 62 gold pieces
 45957 | Elf:2    | Bought a potion of lignification for 93 gold pieces
 45957 | Elf:2    | Bought a scroll of teleportation for 93 gold pieces
 45957 | Elf:2    | Bought a long copper wand for 124 gold pieces
 45957 | Elf:2    | Bought a potion of curing for 93 gold pieces
 46037 | Elf:2    | Found Teumnux's Jewellery Shoppe.
 46329 | Elf:2    | Found a runed gate.
 46329 | Elf:2    | Found a runed gate.
 46329 | Elf:2    | Found a runed gate.
 46887 | Elf:3    | Found Wist's Gadget Boutique.
 46892 | Elf:3    | Bought a wand of acid (7) for 418 gold pieces
 46956 | Elf:3    | Reached XP level 20. HP: 133/133 MP: 25/30
 47371 | Elf:3    | Found Henwi Mupt's Assorted Antiques.
 47375 | Elf:3    | Bought a scroll of fear for 80 gold pieces
 47375 | Elf:3    | Bought a potion of heal wounds for 115 gold pieces
 47375 | Elf:3    | Bought a potion of resistance for 230 gold pieces
 47375 | Elf:3    | Bought a wand of scattershot (4) for 276 gold pieces
 47375 | Elf:3    | Bought a scroll of magic mapping for 80 gold pieces
 47418 | Elf:3    | Found Kiaph's Antique Weapon Boutique.
 47707 | Elf:3    | Noticed a Tzitzimitl
 47864 | Elf:3    | Got a glittering wooden ring
 47866 | Elf:3    | Identified the ring "Beobbal" {rN+ MP-9 Int+9} (You took it off a deep elf master archer on level 3 of the Elven Halls)
 48080 | Elf:3    | Identified the Incunabulum of the Voyage
 48153 | Elf:3    | Identified the Handbook of Weightlessness and Toxins
 48770 | Lair:5   | Identified a scroll of acquirement
 49012 | Slime:1  | Entered Level 1 of the Pits of Slime
 49166 | Slime:1  | Gained mutation: Scrolls take you a little longer to read. [a shining eye]
 49170 | Slime:1  | Gained mutation: You are dopey. (Int -2) [a shining eye]
 49502 | Slime:5  | Entered Level 5 of the Pits of Slime
 49520 | Slime:5  | Gained mutation: Your flesh is heat resistant. (rF+) [a shining eye]
 49532 | Slime:5  | Reached XP level 21. HP: 104/142 MP: 11/31
 49680 | Slime:5  | Noticed the Royal Jelly
 49681 | Slime:5  | Found a viscous altar of Jiyva.
 49723 | Slime:5  | Killed the Royal Jelly
 49723 | Slime:5  | Reached skill level 15 in Dodging
 50165 | Slime:5  | Got a brightly glowing ruby amulet
 50168 | Slime:5  | Identified the amulet "Urucsup" {+Rage rPois Str-5 Int+4} (You found it on level 5 of the Pits of Slime)
 50177 | Slime:5  | Got a slimy rune of Zot
 50547 | Vaults:1 | Entered Level 1 of the Vaults
 51623 | Vaults:2 | Found a magical portal.
 51629 | WizLab   | Entered Cigotuvi's Fleshworks
 51794 | WizLab   | Paralysed by a floating eye for 2 turns
 51809 | WizLab   | Paralysed by a floating eye for 4 turns
 51818 | WizLab   | Paralysed by a floating eye for 2 turns
 51843 | WizLab   | Got a warped tin amulet
 51846 | WizLab   | Identified the amulet "Jithrefe" {rPois Regen+ MP+9} (You found it in a wizard's laboratory)
 52180 | WizLab   | Identified the Compendium of Transmigration
 52183 | WizLab   | Identified Cigotuvi's Compendium of Unholy Transformation
 52375 | Vaults:2 | Found a portal to a secret trove of treasure.
 52609 | Vaults:2 | Reached XP level 22. HP: 155/155 MP: 23/32
 52934 | Vaults:2 | Reached skill level 15 in Fighting
 52981 | Vaults:2 | Found a staircase to the Crypt.
 52989 | Crypt:1  | Entered Level 1 of the Crypt
 53666 | Vaults:3 | Found Oxzep's Gadget Emporium.
 54331 | Vaults:3 | Reached skill level 1 in Charms
 54331 | Vaults:3 | Reached skill level 1 in Necromancy
 55014 | Vaults:4 | Found a gateway to a bazaar.
 55120 | Bazaar   | Entered a bazaar
 55120 | Bazaar   | Found Ydaatoargh's Weapon Emporium.
 55120 | Bazaar   | Found Diose's Antique Armour Shoppe.
 55120 | Bazaar   | Found Suyxeng's Book Emporium.
 55122 | Bazaar   | Found Ophuenwi's Jewellery Shoppe.
 55139 | Bazaar   | Bought a book of the Warp for 1080 gold pieces
 55150 | Bazaar   | Learned a level 8 spell: Controlled Blink
 55828 | Vaults:5 | Entered Level 5 of the Vaults
 55831 | Vaults:5 | Noticed an ancient lich
 55837 | Vaults:5 | Killed an ancient lich
 55837 | Vaults:5 | Reached skill level 5 in Charms
 55837 | Vaults:5 | Reached skill level 5 in Necromancy
 55840 | Vaults:5 | Noticed Jory
 55845 | Vaults:5 | Reached XP level 23. HP: 162/162 MP: 9/35
 55850 | Vaults:5 | Killed Jory
 56005 | Vaults:5 | Reached skill level 5 in Translocations
 56018 | Vaults:5 | Noticed an ancient lich
 56021 | Vaults:5 | Noticed a golden dragon
 56032 | Vaults:5 | Killed an ancient lich
 56040 | Vaults:5 | Killed a golden dragon
 56119 | Vaults:5 | Got a fine copper ring
 56123 | Vaults:5 | Identified the ring of the Sky {+Fly rPois Int+2 Dex+4 SInv} (You took it off a yaktaur captain on level 5 of the Vaults)
 56310 | Vaults:5 | Noticed a golden dragon
 56320 | Vaults:5 | Killed a golden dragon
 56336 | Vaults:5 | Reached skill level 10 in Translocations
 56388 | Vaults:5 | Got a silver rune of Zot
 56577 | Vaults:5 | Reached XP level 24. HP: 169/169 MP: 22/36
 56673 | Vaults:5 | Found Kaepomad's Jewellery Shop.
 57336 | Crypt:1  | Noticed Aizul
 57347 | Crypt:1  | Killed Aizul
 57617 | Crypt:1  | Noticed Frederick
 57630 | Crypt:1  | Killed Frederick
 59349 | Crypt:3  | Entered Level 3 of the Crypt
 59369 | Crypt:3  | Found a runed gate.
 59369 | Crypt:3  | Found a runed gate.
 59369 | Crypt:3  | Found a runed gate.
 59375 | Crypt:3  | Reached skill level 15 in Translocations
 59411 | Crypt:3  | Noticed Zethryom's ghost (adept MiFi)
 59441 | Crypt:3  | Killed Zethryom's ghost
 59677 | Crypt:3  | Found a staircase to the Tomb.
 59933 | Crypt:3  | Reached XP level 25. HP: 174/174 MP: 22/36
 60138 | Crypt:3  | Found a shimmering altar of Xom.
 60385 | Crypt:3  | Found a basalt altar of Yredelemnul.
 60388 | Crypt:3  | Found an ancient bone altar of Kikubaaqudgha.
 60562 | Tomb:1   | Entered Level 1 of the Tomb of the Ancients
 60701 | Tomb:1   | Noticed a greater mummy
 60703 | Tomb:1   | Noticed a greater mummy
 60706 | Tomb:1   | Noticed a greater mummy
 60710 | Tomb:1   | Killed a greater mummy
 60712 | Tomb:1   | Noticed a greater mummy
 60717 | Tomb:1   | Noticed a greater mummy
 60720 | Tomb:1   | Noticed a greater mummy
 60725 | Tomb:1   | Noticed a greater mummy
 60726 | Tomb:1   | Noticed a greater mummy
 61105 | Tomb:1   | Killed a greater mummy
 61115 | Tomb:1   | Killed a greater mummy
 61179 | Tomb:1   | Noticed a greater mummy
 61193 | Tomb:1   | Killed a greater mummy
 61842 | Tomb:2   | Noticed a greater mummy
 61843 | Tomb:2   | Found the ring of Shadows {Umbra +Inv Stlth+}
 61843 | Tomb:2   | Noticed a greater mummy
 61866 | Tomb:2   | Killed a greater mummy
 61889 | Tomb:2   | Noticed a greater mummy
 61921 | Tomb:2   | Noticed a greater mummy
 61921 | Tomb:2   | Noticed a greater mummy
 62225 | Tomb:3   | Entered Level 3 of the Tomb of the Ancients
 62232 | Tomb:3   | Lost mutation: One of your tentacles bears a spike. [potion of mutation]
 62232 | Tomb:3   | Lost mutation: Scrolls take you a little longer to read. [potion of mutation]
 62232 | Tomb:3   | Gained mutation: You evolve. [potion of mutation]
 62272 | Tomb:3   | Noticed a greater mummy
 62285 | Tomb:3   | Killed a greater mummy
 62285 | Tomb:3   | Noticed a greater mummy
 62297 | Tomb:3   | Killed a greater mummy
 62302 | Tomb:3   | Reached XP level 26. HP: 180/180 MP: 27/36
 62318 | Tomb:3   | Noticed an ancient lich
 62337 | Tomb:3   | Killed an ancient lich
 62353 | Tomb:3   | Noticed a greater mummy
 62371 | Tomb:3   | Noticed a greater mummy
 62381 | Tomb:3   | Got a golden rune of Zot
 62391 | Tomb:3   | Noticed a greater mummy
 62394 | Tomb:3   | Gained mutation: You occasionally shout uncontrollably at your foes. [mutagenic glow]
 62571 | Tomb:2   | Lost mutation: You are dopey. (Int -2) [potion of mutation]
 62571 | Tomb:2   | Lost mutation: You evolve. [potion of mutation]
 62571 | Tomb:2   | Gained mutation: Your spells are harder to cast, but more powerful. [potion of mutation]
 62572 | Tomb:2   | Lost mutation: You occasionally shout uncontrollably at your foes. [potion of mutation]
 62572 | Tomb:2   | Lost mutation: Your spells are harder to cast, but more powerful. [potion of mutation]
 62572 | Tomb:2   | Gained mutation: Scrolls take you a little longer to read. [potion of mutation]
 62572 | Tomb:2   | Gained mutation: Your mind is acute. (Int +2) [potion of mutation]
 62572 | Tomb:2   | Gained mutation: You evolve. [potion of mutation]
 62589 | Tomb:1   | Gained mutation: One of your tentacles bears a spike. [evolution]
 62838 | Vaults:2 | You paid a toll of 2 scrolls of acquirement to enter a treasure trove
 62839 | Trove    | Entered a treasure trove
 63376 | Elf:1    | Gained mutation: Scrolls take you longer to read. [mutagenic glow]
 63529 | Elf:1    | Cast into level 5 of the Abyss (a distortion unwield)
 63529 | Abyss:5  | Entered Level 5 of the Abyss
 63529 | Abyss:5  | Found a corrupted altar of Lugonu.
 63533 | Abyss:5  | Found a basalt altar of Yredelemnul.
 63544 | Abyss:5  | Found a corrupted altar of Lugonu.
 63747 | Abyss:5  | Reached skill level 10 in Stealth
 63842 | Abyss:5  | Found a corrupted altar of Lugonu.
 63882 | Abyss:5  | Gained mutation: Your magical capacity is low. (-10% MP) [a neqoxec]
 63898 | Abyss:5  | Lost mutation: Your flesh is heat resistant. (rF+) [potion of mutation]
 63898 | Abyss:5  | Lost mutation: Your spells are a little harder to cast, but a little more powerful. [potion of mutation]
 63898 | Abyss:5  | Lost mutation: Your magical capacity is low. (-10% MP) [potion of mutation]
 63898 | Abyss:5  | Lost mutation: You are partially covered in molten scales. (AC +2) [potion of mutation]
 63898 | Abyss:5  | Gained mutation: One of your tentacles bears a nasty spike. [potion of mutation]
 63898 | Abyss:5  | Gained mutation: Your mind is very acute. (Int +4) [potion of mutation]
 63950 | Abyss:5  | Paralysed by accursed screaming for 1 turns
 63976 | Abyss:5  | Paralysed by accursed screaming for 1 turns
 64173 | Abyss:5  | Gained mutation: You are occasionally teleported next to monsters. [a neqoxec]
 64205 | Abyss:5  | Gained mutation: Your body sometimes deteriorates upon taking damage. [a cacodemon]
 64453 | Abyss:5  | Gained mutation: You are weak. (Str -2) [a neqoxec]
 64540 | Abyss:5  | Gained mutation: You tend to lose your temper in combat. [a neqoxec]
 64543 | Abyss:5  | Gained mutation: Your magical capacity is low. (-10% MP) [a neqoxec]
 64544 | Abyss:5  | Gained mutation: You are clumsy. (Dex -2) [a neqoxec]
 64638 | Abyss:5  | Lost mutation: You are weak. (Str -2) [potion of mutation]
 64638 | Abyss:5  | Lost mutation: You evolve. [potion of mutation]
 64638 | Abyss:5  | Gained mutation: You evolve. [potion of mutation]
 64638 | Abyss:5  | Lost mutation: You are occasionally teleported next to monsters. [potion of mutation]
 64638 | Abyss:5  | Gained mutation: You expend magic power (3 MP) to strengthen your wands. [potion of mutation]
 64639 | Abyss:5  | Lost mutation: Your magical capacity is low. (-10% MP) [potion of mutation]
 64639 | Abyss:5  | Lost mutation: Scrolls take you longer to read. [potion of mutation]
 64639 | Abyss:5  | Lost mutation: Scrolls take you a little longer to read. [potion of mutation]
 64639 | Abyss:5  | Lost mutation: You are clumsy. (Dex -2) [potion of mutation]
 64639 | Abyss:5  | Gained mutation: You occasionally shout uncontrollably at your foes. [potion of mutation]
 64639 | Abyss:5  | Gained mutation: Your muscles are strong. (Str +2) [potion of mutation]
 64640 | Abyss:5  | Lost mutation: You expend magic power (3 MP) to strengthen your wands. [potion of mutation]
 64640 | Abyss:5  | Lost mutation: You tend to lose your temper in combat. [potion of mutation]
 64640 | Abyss:5  | Lost mutation: One of your tentacles bears a nasty spike. [potion of mutation]
 64640 | Abyss:5  | Lost mutation: You evolve. [potion of mutation]
 64640 | Abyss:5  | Gained mutation: Scrolls take you a little longer to read. [potion of mutation]
 64640 | Abyss:5  | Lost mutation: Scrolls take you a little longer to read. [potion of mutation]
 64649 | Abyss:5  | Lost mutation: You occasionally shout uncontrollably at your foes. [potion of mutation]
 64649 | Abyss:5  | Lost mutation: One of your tentacles bears a spike. [potion of mutation]
 64649 | Abyss:5  | Lost mutation: Your mind is very acute. (Int +4) [potion of mutation]
 64649 | Abyss:5  | Lost mutation: Your body sometimes deteriorates upon taking damage. [potion of mutation]
 64649 | Abyss:5  | Gained mutation: You are resistant to electric shocks. (rElec) [potion of mutation]
 64649 | Abyss:5  | Gained mutation: Your spells are a little harder to cast, but a little more powerful. [potion of mutation]
 64766 | Abyss:5  | Reached skill level 15 in Stealth
 64883 | Abyss:5  | Reached XP level 27. HP: 158/158 MP: 23/32
 65014 | Abyss:5  | Paralysed by accursed screaming for 1 turns
 65271 | Abyss:5  | Paralysed by accursed screaming for 2 turns
 65284 | Abyss:5  | Paralysed by accursed screaming for 1 turns
 65503 | Abyss:5  | Found a hide-covered altar of Uskayaw.
 65555 | Abyss:5  | Found a hide-covered altar of Uskayaw.
 65816 | Abyss:5  | Gained mutation: You are frail. (-10% HP) [a cacodemon]
 65817 | Abyss:5  | Gained mutation: Scrolls take you a little longer to read. [a neqoxec]
 65851 | Abyss:5  | Got an abyssal rune of Zot
 65853 | Abyss:5  | Lost mutation: Your spells are a little harder to cast, but a little more powerful. [a cacodemon]
 65862 | Abyss:5  | Paralysed by a floating eye for 3 turns
 65869 | Abyss:5  | Paralysed by a floating eye for 3 turns
 65877 | Abyss:5  | Lost mutation: Your mind is acute. (Int +2) [a cacodemon]
 65891 | Elf:1    | Escaped the Abyss
 65959 | D:12     | Lost mutation: Scrolls take you a little longer to read. [potion of mutation]
 65959 | D:12     | Lost mutation: You are frail. (-10% HP) [potion of mutation]
 65959 | D:12     | Gained mutation: You are resistant to hostile enchantments. (MR+) [potion of mutation]
 65959 | D:12     | Gained mutation: Potions are less effective at restoring your health. [potion of mutation]
 65959 | D:12     | Gained mutation: You are highly resistant to hostile enchantments. (MR++) [potion of mutation]
 66041 | Depths:1 | Entered Level 1 of the Depths
 66187 | Depths:1 | Found a runed gate.
 66187 | Depths:1 | Found a runed gate.
 66187 | Depths:1 | Found a runed gate.
 66187 | Depths:1 | Noticed Apsimustre's ghost (veteran MiFi)
 66621 | Depths:1 | Found a one-way gate leading to the halls of Pandemonium.
 66626 | Pan      | Entered Pandemonium
 66643 | Pan      | Found an exit through the horrors of the Abyss.
 67089 | Pan      | Found a runed door.
 67089 | Pan      | Noticed Ycoyf the pandemonium lord
 67205 | Pan      | Killed Ycoyf the pandemonium lord
 67253 | Pan      | Got a demonic rune of Zot
 67421 | Pan      | Gained mutation: You are clumsy. (Dex -2) [a neqoxec]
 67469 | Pan      | Noticed Dicupnur the pandemonium lord
 67509 | Pan      | Entered the realm of Lom Lobon.
 67970 | Pan      | Noticed Lom Lobon
 68122 | Pan      | Got a magical rune of Zot
 68207 | Pan      | Killed Lom Lobon
 68312 | Pan      | Entered the realm of Cerebov.
 68341 | Pan      | Identified Sif Muna's Tome of Black Magic and Poisoning
 68449 | Pan      | Noticed Cerebov
 68473 | Pan      | Killed Cerebov
 68493 | Pan      | Reached skill level 27 in Unarmed Combat
 68512 | Pan      | Got a fiery rune of Zot
 69023 | Pan      | Identified the Volume of Obsession
 69030 | Pan      | Entered the realm of Gloorx Vloq.
 69041 | Pan      | Found an exit through the horrors of the Abyss.
 69530 | Pan      | Noticed Gloorx Vloq
 69552 | Pan      | Killed Gloorx Vloq
 69552 | Pan      | Reached skill level 10 in Spellcasting
 69572 | Pan      | Got a dark rune of Zot
 69721 | Pan      | Entered the realm of Mnoleg.
 69732 | Pan      | Gained mutation: You tend to lose your temper in combat. [a neqoxec]
 69738 | Pan      | Paralysed by a floating eye for 3 turns
 69744 | Pan      | Paralysed by a floating eye for 4 turns
 69751 | Pan      | Gained mutation: Potions are poor at restoring your health. [a neqoxec]
 69785 | Pan      | Gained mutation: Your spells are a little easier to cast, but a little less powerful. [a cacodemon]
 69801 | Pan      | Gained mutation: Potions cannot restore your health. [a neqoxec]
 69807 | Pan      | Noticed Mnoleg
 69819 | Pan      | Paralysed by a floating eye for 4 turns
 69821 | Pan      | Gained mutation: You are very clumsy. (Dex -4) [a cacodemon]
 69831 | Pan      | Killed Mnoleg
 69846 | Pan      | Paralysed by a floating eye for 2 turns
 69879 | Pan      | Lost mutation: Your natural rate of healing is unusually fast. [potion of mutation]
 69879 | Pan      | Lost mutation: You are very clumsy. (Dex -4) [potion of mutation]
 69879 | Pan      | Lost mutation: You tend to lose your temper in combat. [potion of mutation]
 69879 | Pan      | Gained mutation: Your mind is acute. (Int +2) [potion of mutation]
 69995 | Pan      | Got a glowing rune of Zot
 70316 | Pan      | Identified the Compendium of Earthen Heat
 70411 | Pan      | Found an exit through the horrors of the Abyss.
 70423 | Pan      | Took an exit into the Abyss.
 70423 | Abyss:1  | Escaped into the Abyss
 70423 | Abyss:1  | Found a corrupted altar of Lugonu.
 70469 | Depths:1 | Escaped the Abyss
 70543 | Depths:2 | Found a one-way gate to the infinite horrors of the Abyss.
 70548 | Depths:2 | Paralysed by a floating eye for 4 turns
 70625 | Hell     | Entered the Vestibule of Hell
 70625 | Hell     | Noticed Geryon
 70649 | Hell     | Found a gateway to the ashen valley of Gehenna.
 70694 | Hell     | Killed Geryon
 70788 | Hell     | Found a gateway to the freezing wastes of Cocytus.
 70872 | Coc:1    | Entered Level 1 of Cocytus
 70951 | Hell     | Found a gateway to the decaying netherworld of Tartarus.
 70960 | Tar:1    | Entered Level 1 of Tartarus
 71398 | Tar:6    | Lost mutation: You are resistant to electric shocks. (rElec) [potion of mutation]
 71398 | Tar:6    | Lost mutation: Your muscles are strong. (Str +2) [potion of mutation]
 71398 | Tar:6    | Lost mutation: Your spells are a little easier to cast, but a little less powerful. [potion of mutation]
 71398 | Tar:6    | Gained mutation: Your body sometimes deteriorates upon taking damage. [potion of mutation]
 71398 | Tar:6    | Lost mutation: You are clumsy. (Dex -2) [potion of mutation]
 71398 | Tar:6    | Gained mutation: You are robust. (+10% HP) [potion of mutation]
 71493 | Tar:7    | Entered Level 7 of Tartarus
 71576 | Tar:7    | Reached skill level 27 in Stealth
 71606 | Tar:7    | Cast into level 2 of the Abyss (skeletal warrior)
 71617 | Tar:7    | Escaped the Abyss
 71919 | Tar:7    | Reached skill level 15 in Spellcasting
 72221 | Tar:7    | Gained mutation: Your magical capacity is low. (-10% MP) [mutagenic glow]
 72566 | Tar:7    | Noticed Ereshkigal
 72580 | Tar:7    | Killed Ereshkigal
 72613 | Tar:7    | Got a bone rune of Zot
 73573 | Coc:2    | You fall through a shaft for 2 floors!
 73760 | Coc:6    | Found a huge runed gate.
 73760 | Coc:6    | Found a huge runed gate.
 73774 | Coc:6    | Found a huge runed gate.
 73774 | Coc:6    | Found a huge runed gate.
 73775 | Coc:6    | Found a huge runed gate.
 73776 | Coc:6    | Found a huge runed gate.
 73777 | Coc:6    | Found a huge runed gate.
 73778 | Coc:6    | Found a huge runed gate.
 73778 | Coc:6    | Found a huge runed gate.
 73778 | Coc:6    | Found a huge runed gate.
 73778 | Coc:6    | Found a huge runed gate.
 73778 | Coc:6    | Found a huge runed gate.
 73779 | Coc:6    | Found a huge runed gate.
 73780 | Coc:6    | Found a huge runed gate.
 73781 | Coc:6    | Found a huge runed gate.
 73789 | Coc:6    | Found a huge runed gate.
 73789 | Coc:6    | Found a huge runed gate.
 73789 | Coc:6    | Found a huge runed gate.
 73789 | Coc:6    | Found a huge runed gate.
 73789 | Coc:6    | Found a huge runed gate.
 73789 | Coc:6    | Found a huge runed gate.
 73791 | Coc:6    | Found a huge runed gate.
 73792 | Coc:6    | Found a huge runed gate.
 73793 | Coc:6    | Found a huge runed gate.
 73893 | Coc:7    | Entered Level 7 of Cocytus
 74494 | Coc:7    | Noticed Antaeus
 74592 | Coc:7    | Killed Antaeus
 74610 | Coc:7    | Got an icy rune of Zot
 74840 | Hell     | Found a gateway to the Iron City of Dis.
 74851 | Dis:1    | Entered Level 1 of the Iron City of Dis
 75885 | Dis:7    | Entered Level 7 of the Iron City of Dis
 76144 | Dis:7    | Gained mutation: Scrolls take you a little longer to read. [a cacodemon]
 76641 | Dis:7    | Reached skill level 27 in Fighting
 76665 | Dis:7    | Lost mutation: You are highly resistant to hostile enchantments. (MR++) [a cacodemon]
 76721 | Dis:7    | Noticed Dispater
 76738 | Dis:7    | Gained mutation: You have a pair of small antennae on your head. [a cacodemon]
 76739 | Dis:7    | Killed Dispater
 76742 | Dis:7    | Lost mutation: You have a pair of small antennae on your head. [potion of mutation]
 76742 | Dis:7    | Lost mutation: Your body sometimes deteriorates upon taking damage. [potion of mutation]
 76742 | Dis:7    | Lost mutation: You are robust. (+10% HP) [potion of mutation]
 76742 | Dis:7    | Lost mutation: Scrolls take you a little longer to read. [potion of mutation]
 76742 | Dis:7    | Gained mutation: You are weak. (Str -2) [potion of mutation]
 76742 | Dis:7    | Lost mutation: You are weak. (Str -2) [potion of mutation]
 76749 | Dis:7    | Got an iron rune of Zot
 76750 | Dis:7    | Identified the Grimoire of the Sunfish
 76958 | Dis:7    | Reached skill level 10 in Charms
 76958 | Dis:7    | Reached skill level 10 in Necromancy
 77145 | Geh:1    | Entered Level 1 of Gehenna
 77782 | Geh:4    | Gained mutation: You are clumsy. (Dex -2) [mutagenic glow]
 77999 | Geh:7    | Entered Level 7 of Gehenna
 78164 | Geh:7    | Cast into level 2 of the Abyss (hell knight)
 78186 | Abyss:3  | Found a corrupted altar of Lugonu.
 78243 | Geh:7    | Escaped the Abyss
 78281 | Geh:7    | Noticed the Serpent of Hell
 78297 | Geh:7    | Killed the Serpent of Hell
 78472 | Geh:7    | Noticed Asmodeus
 78494 | Geh:7    | Killed Asmodeus
 78500 | Geh:7    | Got an obsidian rune of Zot
 78730 | Depths:3 | Noticed Xtahua
 78736 | Depths:3 | Killed Xtahua
 78814 | Depths:4 | Found a corrupted altar of Lugonu.
 78909 | Depths:4 | Found Letzoaxt's Assorted Antiques.
 78914 | Depths:4 | Bought a potion of berserk rage for 135 gold pieces
 78947 | Depths:5 | Entered Level 5 of the Depths
 78951 | Depths:5 | Noticed a juggernaut
 78961 | Depths:5 | Killed a juggernaut
 79029 | Depths:5 | Found a gate to the Realm of Zot.
 79065 | Zot:1    | Entered Level 1 of the Realm of Zot
 79808 | Zot:5    | Entered Level 5 of the Realm of Zot
 80116 | Zot:5    | Noticed an ancient lich
 80123 | Zot:5    | Killed an ancient lich
 80125 | Zot:5    | Noticed an orb of fire
 80126 | Zot:5    | Gained mutation: You are very clumsy. (Dex -4) [an orb of fire]
 80128 | Zot:5    | Gained mutation: You occasionally shout uncontrollably at your foes. [an orb of fire]
 80132 | Zot:5    | Gained mutation: You are frail. (-10% HP) [an orb of fire]
 80136 | Zot:5    | Gained mutation: Your magical capacity is very low. (-20% MP) [an orb of fire]
 80138 | Zot:5    | Gained mutation: Your body sometimes deteriorates upon taking damage. [an orb of fire]
 80139 | Zot:5    | Killed an orb of fire
 80155 | Zot:5    | Lost mutation: You are frail. (-10% HP) [potion of mutation]
 80155 | Zot:5    | Lost mutation: Potions cannot restore your health. [potion of mutation]
 80155 | Zot:5    | Lost mutation: You are very clumsy. (Dex -4) [potion of mutation]
 80155 | Zot:5    | Lost mutation: Your mind is acute. (Int +2) [potion of mutation]
 80155 | Zot:5    | Gained mutation: You possess an exceptional clarity of mind. [potion of mutation]
 80155 | Zot:5    | Gained mutation: You sometimes yell uncontrollably at your foes. [potion of mutation]
 80155 | Zot:5    | Gained mutation: Your flesh is heat resistant. (rF+) [potion of mutation]
 80156 | Zot:5    | Lost mutation: You sometimes yell uncontrollably at your foes. [potion of mutation]
 80156 | Zot:5    | Lost mutation: Your flesh is heat resistant. (rF+) [potion of mutation]
 80156 | Zot:5    | Lost mutation: You are clumsy. (Dex -2) [potion of mutation]
 80156 | Zot:5    | Lost mutation: You occasionally shout uncontrollably at your foes. [potion of mutation]
 80156 | Zot:5    | Lost mutation: Your magical capacity is very low. (-20% MP) [potion of mutation]
 80156 | Zot:5    | Gained mutation: You are agile. (Dex +2) [potion of mutation]
 80226 | Zot:5    | Noticed an ancient lich
 80234 | Zot:5    | Got the Orb of Zot
 80313 | Zot:5    | Noticed an ancient lich
 80416 | Zot:1    | Noticed Seeso the pandemonium lord
 80530 | Depths:4 | Reached skill level 27 in Dodging
 80873 | D:4      | Noticed Miet Zog the pandemonium lord
 80885 | D:4      | Reached skill level 5 in Shields
 80896 | D:4      | Killed Miet Zog the pandemonium lord
 80970 | D:1      | Noticed Gibethrao the pandemonium lord
 80982 | D:1      | Killed Gibethrao the pandemonium lord
 81006 | D:$      | Escaped with the Orb!

Table legend:
 A = Turns spent in this place as a percentage of turns spent in the entire game.
 B = Non-inter-level travel turns spent in this place as a percentage of non-inter-level travel turns spent in the entire game.
 C = Inter-level travel turns spent in this place as a percentage of turns spent in this place.
 D = Turns resting spent in this place as a percentage of non-inter-level travel turns spent in this place.
 E = Turns spent auto-exploring this place as a percentage of non-inter-level travel turns spent in this place.
 F = Non-inter-level travel turns spent in this place divided by the number of levels of this place that you've seen.
                   A       B       C       D       E      F
               +-------+-------+-------+-------+-------+----------------------
         Total | 100.0 | 100.0 |   6.6 |  19.8 |  33.9 | 669.6
       Dungeon |  25.7 |  25.5 |   7.6 |  33.2 |  39.8 | 1284.4
          Lair |  13.1 |  12.9 |   8.4 |  33.5 |  31.9 | 1621.8
         Swamp |   8.0 |   8.3 |   3.8 |  33.2 |  35.1 | 1567.2
   Spider Nest |   5.3 |   5.4 |   4.9 |   9.5 |  44.4 | 1027.0
    Slime Pits |   1.6 |   1.7 |   6.1 |  35.7 |   5.7 | 250.2
  Orcish Mines |   4.1 |   3.9 |  11.5 |  17.6 |  37.4 | 1466.5
   Elven Halls |   5.1 |   5.1 |   7.9 |  14.6 |  52.1 | 1276.7
        Vaults |   7.7 |   7.5 |   9.7 |   0.0 |  66.9 | 1128.4
         Crypt |   4.5 |   4.6 |   4.3 |   8.3 |  62.1 | 1167.7
          Tomb |   2.4 |   2.3 |  11.0 |  23.9 |  16.9 | 581.0
        Depths |   1.6 |   1.6 |   6.0 |   0.5 |  33.2 | 236.4
          Hell |   0.7 |   0.7 |   4.1 |   4.6 |  11.3 | 565.0
           Dis |   2.8 |   2.7 |   7.7 |   0.0 |  10.2 | 296.6
       Gehenna |   1.8 |   1.8 |   2.7 |   0.4 |   0.0 | 198.7
       Cocytus |   1.9 |   2.0 |   0.0 |   0.3 |   0.1 | 256.3
      Tartarus |   2.7 |   2.5 |  12.4 |   1.4 |   4.1 | 269.3
           Zot |   1.7 |   1.8 |   3.5 |   2.9 |  18.4 | 272.0
         Abyss |   3.1 |   3.3 |   0.0 |   0.2 |   0.8 | 499.6
   Pandemonium |   4.7 |   5.0 |   0.0 |   9.7 |  10.6 | 237.3
        Bazaar |   0.0 |   0.0 |   0.0 |   0.0 |  34.4 |  32.0
         Trove |   0.0 |   0.0 |   0.0 |   0.0 |  40.0 |  10.0
      Ice Cave |   0.5 |   0.6 |   0.0 |  29.4 |   6.9 | 436.0
        Wizlab |   0.8 |   0.8 |   0.0 |   0.0 |   2.4 | 618.0
               +-------+-------+-------+-------+-------+----------------------

Table legend:
 A = Kills in this place as a percentage of kills in entire the game.
 B = Kills by you in this place as a percentage of kills by you in the entire game.
 C = Kills by friends in this place as a percentage of kills by friends in the entire game.
 D = Other kills in this place as a percentage of other kills in the entire game.
 E = Experience gained in this place as a percentage of experience gained in the entire game.
 F = Experience gained in this place divided by the number of levels of this place that you have seen.
                   A       B       C       D       E      F
               +-------+-------+-------+-------+-------+----------------------
         Total | 100.0 | 100.0 | 100.0 | 100.0 | 100.0 | 27659.6
       Dungeon |   9.5 |   9.6 |  33.3 |   0.0 |   2.6 | 5503.5
          Lair |   6.4 |   6.4 |   0.0 |   0.0 |   2.0 | 10607.0
         Swamp |   3.5 |   3.5 |   0.0 |   0.0 |   1.9 | 15135.2
   Spider Nest |   7.0 |   6.9 |   0.0 |  27.8 |   4.2 | 33159.2
    Slime Pits |   2.1 |   2.1 |   0.0 |   0.0 |   2.5 | 15746.0
  Orcish Mines |   2.6 |   2.6 |   0.0 |   0.0 |   0.4 | 6505.5
   Elven Halls |   3.4 |   3.3 |   0.0 |  16.7 |   3.8 | 39135.0
        Vaults |   7.6 |   7.6 |   0.0 |   0.0 |   9.4 | 59003.0
         Crypt |   3.6 |   3.6 |   0.0 |   0.0 |   4.9 | 50643.0
          Tomb |   2.7 |   2.8 |   0.0 |   0.0 |   3.8 | 39965.3
        Depths |   3.1 |   3.1 |   0.0 |   5.6 |   4.4 | 27694.2
          Hell |   1.2 |   1.3 |   0.0 |   0.0 |   1.3 | 40619.0
           Dis |   6.9 |   6.9 |   0.0 |   0.0 |   7.6 | 33936.6
       Gehenna |   7.1 |   7.0 |   0.0 |  16.7 |   6.8 | 30243.7
       Cocytus |   5.2 |   5.2 |   0.0 |  22.2 |   6.3 | 32620.0
      Tartarus |   5.6 |   5.6 |   0.0 |   0.0 |   9.7 | 43316.3
           Zot |   2.8 |   2.7 |  66.7 |   0.0 |   8.1 | 50905.4
         Abyss |  10.6 |  10.6 |   0.0 |   0.0 |   7.8 | 49025.2
   Pandemonium |   7.4 |   7.4 |   0.0 |  11.1 |  11.2 | 21951.1
      Ice Cave |   0.7 |   0.7 |   0.0 |   0.0 |   0.2 | 5922.0
        Wizlab |   1.2 |   1.2 |   0.0 |   0.0 |   0.8 | 26102.0
               +-------+-------+-------+-------+-------+----------------------

Action                   |  1- 3 |  4- 6 |  7- 9 | 10-12 | 13-15 | 16-18 | 19-21 | 22-24 | 25-27 || total
-------------------------+-------+-------+-------+-------+-------+-------+-------+-------+-------++-------
Melee: Unarmed           |    84 |   106 |   258 |   687 |  2123 |  1523 |  1263 |  1159 |  6584 || 13787
       Constrict         |    25 |    28 |    59 |    61 |   239 |   230 |   175 |   168 |   805 ||  1790
       Tentacles         |    14 |    11 |    77 |   171 |   487 |   251 |   215 |   275 |  1487 ||  2988
       Punch             |       |     2 |    15 |    68 |   209 |   137 |   171 |   208 |  1143 ||  1953
       Kick              |       |       |    38 |   250 |   708 |   405 |   354 |   418 |   335 ||  2508
Throw: Throwing net      |       |       |       |       |     1 |       |       |       |       ||     1
 Cast: Sandblast         |    12 |    53 |   124 |    66 |    30 |     6 |       |       |       ||   291
       Petrify           |       |     1 |    12 |    88 |   203 |    67 |       |       |       ||   371
       Lee's Rapid Decon |       |       |       |       |    65 |    25 |     3 |       |       ||    93
       Statue Form       |       |       |       |       |       |    80 |    78 |    48 |   230 ||   436
       Blink             |       |       |       |       |       |     1 |       |     5 |    26 ||    32
       Regeneration      |       |       |       |       |       |     1 |     1 |       |    24 ||    26
       Controlled Blink  |       |       |       |       |       |       |       |       |    27 ||    27
       Apportation       |       |       |       |       |       |       |       |       |     7 ||     7
Evoke: Wand              |       |       |       |    22 |    18 |    13 |     6 |       |    32 ||    91
       Lightning rod     |       |       |       |       |     7 |       |     1 |       |       ||     8
       Lamp of fire      |       |       |       |       |       |       |     3 |     3 |     4 ||    10
  Use: Scroll            |       |     4 |     4 |     5 |    16 |    12 |    15 |     4 |    41 ||   101
       Potion            |       |     1 |     1 |     6 |       |     2 |     2 |       |    41 ||    53
 Stab: Sleeping          |     7 |     6 |    12 |     8 |    13 |     5 |    21 |    19 |    54 ||   145
       Distracted        |       |     1 |       |       |    10 |     4 |     3 |     1 |    29 ||    48
       Petrified         |       |     6 |    54 |   214 |   449 |   160 |       |       |       ||   883
       Petrifying        |       |       |       |    28 |    81 |     9 |       |       |       ||   118
       Paralysed         |       |       |       |    22 |       |    16 |       |       |     2 ||    40
       Invisible         |       |       |       |     3 |       |       |       |       |       ||     3
       Confused          |       |       |       |       |       |     4 |       |       |       ||     4
       Held in net/web   |       |       |       |       |       |     2 |       |       |       ||     2
  Eat: Chunk             |     3 |    11 |    30 |    36 |   125 |    91 |    49 |    31 |    33 ||   409
       Ration            |       |       |       |       |       |       |     4 |     2 |    30 ||    36
Armor: Skin              |     9 |    17 |    20 |    76 |   145 |   912 |   660 |   368 |  2912 ||  5119
Dodge: Dodged            |    54 |    98 |   179 |   367 |  1230 |  2220 |  1910 |  1092 |  9519 || 16669
Block: Buckler           |       |       |       |       |   257 |   535 |   517 |   523 |  4098 ||  5930

Vanquished Creatures
  Cerebov (Pan)
  Antaeus (Coc:7)
  Asmodeus (Geh:7)
  the Royal Jelly (Slime:5)
  Ereshkigal (Tar:7)
  Gloorx Vloq (Pan)
  the Serpent of Hell (Geh:7)
  Lom Lobon (Pan)
  Mnoleg (Pan)
  Dispater (Dis:7)
  An orb of fire (Zot:5)
  A juggernaut (Depths:5)
  4 ancient liches
  3 pandemonium lords
  7 greater mummies
  Frederick (Crypt:1)
  6 shard shrikes
  Xtahua (Depths:3)
  A Killer Klown (Zot:5)
  3 curse toes
  Geryon (Hell)
  Nikola (Spider:2)
  Jory (Vaults:5)
  10 golden dragons
  A mutant beast (WizLab)
  Arachne (Spider:4)
  11 Brimstone Fiends
  13 bone dragons
  2 hellephants
  5 iron giants
  26 Tzitzimimeh
  9 liches
  3 electric golems
  13 doom hounds
  13 tentacled monstrosities
  14 Ice Fiends
  9 Hell Sentinels
  6 titans
  Rupert (Orc:2)
  The ghost of Higeus the Peltast, an adept GrFi of the Shining One (Elf:3)
  2 deep elf master archers (Elf:3)
  3 deep elf blademasters
  27 Orb Guardians
  The ghost of Zethryom the Tortoise, an adept MiFi of Okawaru (Crypt:3)
  15 acid blobs
  Asterion (Spider:2)
  A quicksilver dragon (shapeshifter) (WizLab)
  17 tentacled starspawn (Abyss:5)
  6 quicksilver dragons
  15 sphinxes
  An eldritch tentacle (Dis:7)
  Agnes (Spider:2)
  20 ancient champions
  21 Executioners
  4 death cobs
  Gastronok (D:8)
  Roxanne (Swamp:3)
  The ghost of Pidigeth the Severer, an adept MiBe of Trog (Spider:3)
  Kirke (D:15)
  7 tengu reavers
  15 shadow dragons
  3 draconian monks
  15 storm dragons
  A warmonger (Pan)
  5 fire giants
  6 thorn hunters
  10 azure jellies
  2 daevas (Abyss:5)
  The ghost of Dosumez the Severer, a journeyman MiFi of Okawaru (Spider:3)
  3 revenants
  2 draconian knights
  9 deep elf sorcerers
  14 frost giants
  The ghost of Brutalitops the Corrupter of Planes, an adept HaAK of Lugonu (Spider:3)
  3 black suns (Pan)
  A juggernaut zombie (Crypt:2)
  12 cacodemons
  13 vault wardens
  The ghost of Veih the Cleaver, a journeyman FoFi of Okawaru (Spider:2)
  The ghost of Veih the Cleaver, a journeyman FoFi of Okawaru (Spider:2)
  4 deep elf elementalists
  3 emperor scorpions
  3 ironheart preservers
  Louise (Swamp:4)
  Aizul (Crypt:1)
  A draconian scorcher (Zot:2)
  6 ghost moths
  30 balrugs
  2 draconian shifters (Depths:5)
  6 curse skulls
  7 iron dragons
  68 reapers
  11 ghouls
  5 elemental wellsprings
  21 very ugly things
  A draconian stormcaller (Zot:3)
  3 entropy weavers
  4 draconian annihilators
  A blood saint (Pan)
  6 deep elf demonologists
  80 starcursed masses (Abyss:5)
  2 war gargoyles
  12 vampire knights
  5 bennus
  Nessos (D:13)
  17 stone giants
  4 green draconians
  4 lorocyprocas
  4 white draconians
  12 deep elf annihilators
  A corrupter (Pan)
  Azrael (D:13)
  4 yellow draconians
  8 black draconians
  4 spark wasps
  8 red draconians
  A dire elephant (Abyss:5)
  14 ettins
  4 purple draconians
  4 eidola
  5 deep elf death magi
  27 green deaths
  4 death oozes (Slime:5)
  9 quicksilver dragon zombies
  5 fire dragons
  16 blizzard demons
  Josephine (Lair:3)
  A crystal guardian (Abyss:5)
  20 yaktaur captains
  8 jiangshi
  18 mummy priests
  6 deep elf high priests
  10 great orbs of eyes
  4 rakshasas (Abyss:5)
  The ghost of Moss the Spear-Bearer, a journeyman MiFi of Dithmenos (Spider:2)
  25 ice dragons
  7 hydras
  32 vault guards
  5 centaur warriors
  2 ghost crabs
  A naga warrior (Abyss:5)
  6 quicksilver dragon skeletons
  15 hell beasts
  A spriggan air mage (Depths:5)
  3 catoblepae
  2 tengu warriors
  22 two-headed ogres
  A queen ant (Spider:1)
  7 deep troll shamans
  22 dancing weapons
  14 hell hogs
  9 deep troll earth magi
  4 death knights
  11 ogre magi
  22 death scarabs
  20 thrashing horrors (Abyss:5)
  7 titan zombies
  An orc high priest (Orc:2)
  16 alligators
  14 vampire magi
  3 shock serpents (Pan)
  A spectral emperor scorpion (Spider:4)
  Sonja (Lair:4)
  23 soul eaters
  4 iron golems
  20 deep elf knights
  38 sun demons
  53 hell knights
  15 wretched stars (Abyss:5)
  2 fire crabs (Abyss:5)
  6 storm dragon zombies
  9 titan skeletons
  7 spatial maelstroms (Abyss:5)
  5 storm dragon skeletons
  19 shadow wraiths
  3 death drakes (Abyss:5)
  12 sixfirhies
  12 unseen horrors
  93 skeletal warriors
  A deep troll (shapeshifter) (WizLab)
  4 gelid demonspawn (Pan)
  A torturous demonspawn (Pan)
  14 wizards
  24 deep trolls
  18 iron trolls
  7 glowing orange brains
  3 golden dragon zombies
  A ghost moth zombie (Dis:7)
  4 swamp dragons
  6 shambling mangroves
  An orange crystal statue (D:15)
  2 swamp dragons (shapeshifter)
  14 anaconda zombies
  12 deep elf archers
  A kraken simulacrum (Coc:7)
  6 flayed ghosts
  16 shadow demons
  An obsidian statue (Elf:2)
  3 spectral wolf spiders (Spider:4)
  11 orc knights
  4 shadow dragon zombies
  11 wolf spider zombies
  14 ironbrand convokers
  3 golden dragon skeletons
  16 phantasmal warriors
  33 wolf spiders
  2 manticores
  3 anaconda skeletons
  18 necromancers
  19 orb spiders
  3 mana vipers (Abyss:5)
  7 iron dragon zombies
  A manticore (shapeshifter) (Vaults:3)
  61 deep elf magi
  6 stone giant zombies
  2 fire giant zombies
  33 ugly things
  5 shock serpent zombies
  4 shadow dragon skeletons
  4 frost giant zombies
  8 cyclopes
  4 shining eyes
  5 black mambas
  4 oklob plants (Lair:5)
  5 dire elephant zombies
  5 elephants
  A salamander (shapeshifter) (Depths:2)
  19 moths of wrath
  2 iron dragon skeletons
  12 worldbinders (Abyss:5)
  A water nymph (Abyss:5)
  4 fire giant skeletons
  3 frost giant skeletons
  A guardian serpent (Abyss:5)
  33 rust devils
  3 apocalypse crabs (Abyss:5)
  6 stone giant skeletons
  5 eyes of devastation
  8 titan simulacra (Coc:7)
  A guardian serpent (shapeshifter) (WizLab)
  8 molten gargoyles
  5 ice statues
  11 vault sentinels
  A dire elephant skeleton (Geh:5)
  3 gargoyles
  36 hellions
  4 torpor snails
  15 spiny frogs
  A naga mage (D:15)
  38 smoke demons
  A spiny frog (shapeshifter) (Depths:1)
  14 orange demons
  3 catoblepas zombies
  5 spectral redbacks (Spider:4)
  3 storm dragon simulacra (Coc:7)
  A black draconian zombie (Crypt:2)
  11 komodo dragons
  A kobold demonologist (D:12)
  43 yaktaurs
  4 human zombies
  An emperor scorpion zombie (Dis:4)
  12 rime drakes
  10 efreet
  24 demonic crawlers
  45 ice devils
  2 komodo dragons (shapeshifter)
  9 hydra zombies
  2 minotaur skeletons
  31 tormentors
  22 hellwings
  36 freezing wraiths
  A ghost moth simulacrum (Coc:6)
  2 anaconda simulacra (Coc:7)
  30 red devils
  3 redback zombies (Spider:4)
  22 ancient zymes (Abyss:5)
  A catoblepas skeleton (Tar:7)
  11 guardian mummies
  2 queen bees (shapeshifter) (WizLab)
  A queen bee (Lair:5)
  2 polar bears (shapeshifter)
  6 harpy zombies
  2 polar bears (Lair:4)
  A troll (shapeshifter) (WizLab)
  2 harpy skeletons
  11 tyrant leeches
  A wind drake (shapeshifter) (WizLab)
  9 meliai
  2 death drake zombies
  A merfolk (shapeshifter) (Vaults:5)
  2 spectral tarantellas (Spider:4)
  29 jumping spiders
  A hornet (shapeshifter) (Elf:2)
  8 trolls
  2 raiju (shapeshifter) (WizLab)
  40 raiju (Abyss:5)
  A shadow dragon simulacrum (Crypt:1)
  3 spectral jumping spiders (Spider:4)
  10 ettin zombies
  31 hornets
  2 blink frogs
  71 slime creatures
  A slime creature (shapeshifter) (WizLab)
  7 hydra skeletons
  8 bog bodies
  3 fire dragon zombies
  2 tarantella zombies (Spider:4)
  7 hippogriffs
  6 dream sheep (Lair:6)
  5 ice dragon zombies
  A sphinx simulacrum (Vaults:1)
  6 ice dragon skeletons
  2 snapping turtles (shapeshifter) (WizLab)
  2 black mamba zombies
  4 air elementals
  2 centaur simulacra
  71 redbacks
  3 spriggans (shapeshifter)
  3 alligator zombies
  104 flying skulls
  3 fire dragon skeletons
  A guardian serpent skeleton (Crypt:3)
  19 shadows
  23 tarantellas
  10 water elementals
  2 vampires (Crypt:3)
  13 ynoxinuls
  2 spriggans
  4 alligator skeletons
  5 ettin skeletons
  A wyvern (shapeshifter) (Abyss:5)
  An elf zombie (Vaults:5)
  10 ushabtiu
  A tarantella (shapeshifter) (WizLab)
  5 wyverns
  37 yaks
  Eustachio (D:5)
  2 golden eyes (shapeshifter)
  3 hogs (shapeshifter) (WizLab)
  6 hungry ghosts
  34 wraiths
  19 fire elementals
  5 basilisks
  2 black mamba skeletons
  14 chaos spawn
  A redback simulacrum (D:15)
  A wind drake skeleton (Crypt:1)
  A fire bat (Abyss:5)
  26 vampire mosquitoes
  76 large abominations
  3 swamp worm simulacra (Swamp:4)
  32 neqoxecs
  17 swamp worms
  9 wargs
  A water nymph zombie (Crypt:1)
  5 spatial vortices
  25 insubstantial wisps
  A merfolk zombie (Geh:1)
  7 acid dragons
  An acid dragon (shapeshifter) (WizLab)
  A water moccasin (shapeshifter) (WizLab)
  23 soldier ants (Spider:1)
  10 water moccasins
  7 floating eyes
  44 hell hounds
  24 hydra simulacra
  3 spiny frog zombies
  A merfolk skeleton (Tar:7)
  9 porcupines
  21 small abominations
  2 spectral hornets (Spider:4)
  5 swamp drakes
  2 ettin simulacra
  11 ice beasts
  44 orc warriors
  A swamp dragon zombie (Geh:7)
  11 eyes of draining
  3 spiny frog skeletons
  An eye of draining (shapeshifter) (Depths:1)
  6 sky beasts
  A snapping turtle zombie (Coc:7)
  A black bear (D:8)
  A black bear (shapeshifter) (WizLab)
  3 hornet zombies
  34 ogres
  2 manticore zombies
  20 necrophages
  9 phantoms
  An ice dragon simulacrum (Coc:6)
  A blink frog zombie (Crypt:2)
  16 wolves
  A torpor snail zombie (Crypt:3)
  4 snapping turtle skeletons
  7 boggarts
  A swamp dragon skeleton (Geh:3)
  3 centaurs
  13 crocodiles
  Blork the orc (D:4)
  2 big kobolds
  A bullfrog (shapeshifter) (Vaults:5)
  16 bullfrogs
  A glowing shapeshifter simulacrum (Vaults:2)
  3 earth elementals
  3 elf skeletons
  A spiny frog simulacrum (Coc:6)
  A scorpion (shapeshifter) (WizLab)
  3 scorpions
  84 killer bees
  36 wights
  A yak skeleton (Crypt:2)
  A troll skeleton (Tar:2)
  4 electric eels
  4 jellies
  17 crimson imps
  5 centaur zombies
  4 quasits
  A black bear zombie (Crypt:2)
  A basilisk zombie (Crypt:1)
  4 bullfrog skeletons
  4 centaur skeletons
  A gnoll shaman (D:8)
  11 hounds
  27 iron imps
  17 orc priests
  24 orc wizards
  Jessica (D:3)
  11 iguanas
  Natasha (thrice) (D:3)
  27 worker ants
  A killer bee zombie (Crypt:3)
  A naga zombie (Dis:7)
  2 hound zombies
  21 mummies
  A worker ant zombie (D:10)
  12 adders
  3 gnolls (D:8)
  A scorpion zombie (Crypt:3)
  12 shadow imps
  A steam dragon skeleton (Crypt:1)
  13 white imps
  7 ufetubi (IceCv)
  5 swamp drake simulacra (Swamp:4)
  2 adder zombies
  An ooze (D:1)
  An adder skeleton (D:6)
  A halfling skeleton (Crypt:3)
  7 worms
  A ball lightning (Pan)
  A barachi skeleton (Crypt:1)
  A dart slug (D:2)
  5 leopard geckos
  99 orcs
  7 giant cockroaches
  10 goblins
  14 hobgoblins
  7 jackals
  15 kobolds
  4 quokkas
  5 ball pythons
  6 bats
  5 frilled lizards
  2 jackal skeletons (D:4)
  A jackal zombie (D:8)
  A leopard gecko skeleton (Crypt:3)
  An orc skeleton (Geh:7)
  An orc zombie (Dis:5)
  A quokka skeleton (D:5)
  9 rats
  8 briar patches
  2 crawling corpses (Vaults:5)
  A fire vortex (Geh:3)
  A lurking horror (Abyss:5)
  13 starspawn tentacles (Abyss:5)
  A tentacle (Coc:7)
  2 withered plants (Crypt:3)
4437 creatures vanquished.

Vanquished Creatures (collateral kills)
  A ynoxinul (Zot:1)
  A quasit (Zot:1)
  A shadow imp (D:4)
3 creatures vanquished.

Vanquished Creatures (others)
  An ancient champion (Tomb:1)
  2 eldritch tentacles
  A fire giant (Depths:4)
  2 cacodemons (Pan)
  3 elemental wellsprings (Coc:7)
  An ice dragon (Coc:7)
  10 death scarabs (Tomb:2)
  2 hell hogs (Geh:5)
  3 deep elf knights
  A skeletal warrior (Tomb:1)
  A shadow demon (Pan)
  An ugly thing (Pan)
  2 deep elf magi (Elf:1)
  A fire giant skeleton (Geh:7)
  A hellion (Geh:7)
  An ice devil (Coc:7)
  A tyrant leech (Swamp:4)
  A harpy skeleton (Tomb:2)
  A hydra skeleton (Tomb:3)
  A fire dragon zombie (Tomb:2)
  8 flying skulls
  A fire elemental (Geh:5)
  An ettin skeleton (Tomb:2)
  2 humans (D:15)
  2 soldier ants (Spider:1)
  A floating eye (WizLab)
  A small abomination (Abyss:5)
  A scorpion (shapeshifter) (Vaults:5)
  5 wights
  An orc priest (Vaults:1)
  A worker ant (Spider:1)
  6 mummies
  A white imp (IceCv)
  4 ufetubi (IceCv)
  19 ball lightnings (Pan)
  An orc zombie (Geh:2)
  A briar patch (Abyss:5)
  34 fungi
  3 lurking horrors (Abyss:5)
  13 plants
  44 starspawn tentacles (Abyss:5)
  3 tentacles (Coc:7)
  4 toadstools (Swamp:2)
  5 withered plants (Crypt:3)
199 creatures vanquished.

Grand Total: 4639 creatures vanquished
